MAA
SEATTLE TERNS @ BELVEDERE PARK RAWHIDES
07/14/2017
 
TOP OF THE 1ST
Seattle Terns batting - Pitching for Belvedere Park Rawhides : LHP Eric Patnode
Pitching: LHP Eric Patnode
Batting: LHB Fred Cobb 0-0: Ball
1-0: Foul Ball, location: 2F
1-1: Foul Ball, location: 2F
1-2: SINGLE (Flyball, 7LM)
Batting: RHB Hank Kenney 0-0: Called Strike
0-1: Ball
1-1: Ball
2-1: Ground out 5-3 (Groundball, 5S)
Fred Cobb to second
Batting: RHB Edwin McClung 0-0: Ball
1-0: Ball
2-0: Called Strike
2-1: Called Strike
2-2: Strikes out swinging
Batting: RHB Darren Tomlinson 0-0: Called Strike
0-1: Foul Ball, location: 2F
0-2: Foul Ball, location: 2F
0-2: Strikes out swinging
Top of the 1st over - 0 run(s), 1 hit(s), 0 error(s), 1 left on base; Seattle 0 - Belvedere Park 0
BOTTOM OF THE 1ST
Belvedere Park Rawhides batting - Pitching for Seattle Terns : RHP Jim Unknown
Pitching: RHP Jim Unknown
Batting: RHB Billy Strauss 0-0: Ball
1-0: Ball
2-0: Ground out 5-3 (Groundball, 5S)
Batting: LHB José Estrada 0-0: Ball
1-0: Called Strike
1-1: Called Strike
1-2: Ball
2-2: Foul Ball, location: 2F
2-2: Ball
3-2: Foul Ball, location: 2F
3-2: Base on Balls
Batting: SHB Tom Montgomery 0-0: Ball
1-0: Foul Ball, location: 2F
1-1: Foul Ball, location: 2F
1-2: Ball
2-2: Strikes out swinging
Batting: RHB Bob Dickerson 0-0: Ball
1-0: Foul Ball, location: 2F
1-1: Foul Ball, location: 2F
1-2: Foul Ball, location: 2F
1-2: Ball
2-2: Ball
3-2: SINGLE (Line Drive, 8RS)
José Estrada to second
José Estrada to third
Batting: LHB Dennis O'Connor 0-0: Ball
1-0: Ball
2-0: Foul Ball, location: 2F
2-1: Ball
3-1: Called Strike
3-2: Strikes out swinging
Bottom of the 1st over - 0 run(s), 1 hit(s), 0 error(s), 2 left on base; Seattle 0 - Belvedere Park 0
TOP OF THE 2ND
Seattle Terns batting - Pitching for Belvedere Park Rawhides : LHP Eric Patnode
Batting: SHB Bruce Hunt 0-0: Foul Ball, location: 2F
0-1: Ball
1-1: Ball
2-1: Ball
3-1: Base on Balls
Batting: RHB David Ramírez 0-0: Called Strike
0-1: Ball
1-1: Ball
2-1: Swinging Strike
2-2: Foul Ball, location: 2F
2-2: Strikes out swinging
Batting: SHB Michael Smith 0-0: Called Strike
0-1: Swinging Strike
0-2: Foul Ball, location: 2F
0-2: SINGLE (Line Drive, 9S)
Bruce Hunt to second
Batting: RHB Don McCord 0-0: Ball
1-0: Ball
2-0: Called Strike
2-1: Fly out, F9 (Flyball, 89M)
Batting: RHB Jack Glenn 0-0: Ball
1-0: 3-RUN HOME RUN (Flyball, 89XD), Distance : 401 ft
Batting: LHB Fred Cobb 0-0: Foul Ball, location: 2F
0-1: Called Strike
0-2: Ball
1-2: Strikes out swinging
Top of the 2nd over - 3 run(s), 2 hit(s), 0 error(s), 0 left on base; Seattle 3 - Belvedere Park 0
BOTTOM OF THE 2ND
Belvedere Park Rawhides batting - Pitching for Seattle Terns : RHP Jim Unknown
Batting: SHB José Salazar 0-0: Ball
1-0: Ball
2-0: Foul Ball, location: 2F
2-1: Foul Ball, location: 2F
2-2: Foul Ball, location: 2F
2-2: Strikes out looking
Batting: SHB Jason Alexander 0-0: Called Strike
0-1: Swinging Strike
0-2: Ground out 4-3 (Groundball, 4)
Batting: SHB Jared Robinson 0-0: Fly out, F7 (Flyball, 78M)
Bottom of the 2nd over - 0 run(s), 0 hit(s), 0 error(s), 0 left on base; Seattle 3 - Belvedere Park 0
TOP OF THE 3RD
Seattle Terns batting - Pitching for Belvedere Park Rawhides : LHP Eric Patnode
Batting: RHB Hank Kenney 0-0: Called Strike
0-1: Ball
1-1: Ball
2-1: Swinging Strike
2-2: SINGLE (Groundball, 5L)
Batting: RHB Edwin McClung 0-0: Ball
1-0: Ball
2-0: Foul Ball, location: 2F
2-1: Fly out, F7 (Flyball, 78M)
Batting: RHB Darren Tomlinson 0-0: Called Strike
0-1: Ball
1-1: Fly out, F8 (Line Drive, 8LS)
Batting: SHB Bruce Hunt 0-0: Ball
1-0: Called Strike
1-1: Foul Ball, location: 2F
1-2: Strikes out swinging
Top of the 3rd over - 0 run(s), 1 hit(s), 0 error(s), 1 left on base; Seattle 3 - Belvedere Park 0
BOTTOM OF THE 3RD
Belvedere Park Rawhides batting - Pitching for Seattle Terns : RHP Jim Unknown
Batting: RHB José González 0-0: Foul Ball, location: 2F
0-1: Ground out 4-3 (Groundball, 4M)
Batting: RHB Billy Strauss 0-0: Ball
1-0: Swinging Strike
1-1: Ball
2-1: Fly out, F9 (Flyball, 89M)
Batting: LHB José Estrada 0-0: Ball
1-0: Ball
2-0: Called Strike
2-1: Ball
3-1: Foul Ball, location: 2F
3-2: Strikes out swinging
Bottom of the 3rd over - 0 run(s), 0 hit(s), 0 error(s), 0 left on base; Seattle 3 - Belvedere Park 0
TOP OF THE 4TH
Seattle Terns batting - Pitching for Belvedere Park Rawhides : LHP Eric Patnode
Batting: RHB David Ramírez 0-0: Swinging Strike
0-1: Called Strike
0-2: Strikes out swinging
Batting: SHB Michael Smith 0-0: Called Strike
0-1: Ball
1-1: Foul Ball, location: 2F
1-2: SINGLE (Groundball, 25) (infield hit)
Batting: RHB Don McCord 0-0: Called Strike
0-1: Called Strike
Throwing error on steal attempt, E2
Michael Smith to third
0-2: Fly out, F9 (Line Drive, 89S)
Runner from 3rd tags up, SCORES, throw made
Batting: RHB Jack Glenn 0-0: Foul Ball, location: 2F
0-1: Ball
1-1: Foul Ball, location: 2F
1-2: Ball
2-2: Foul Ball, location: 2F
2-2: SOLO HOME RUN (Line Drive, 89XD), Distance : 409 ft
Batting: LHB Fred Cobb 0-0: DOUBLE (Line Drive, 3D)
Pitching: RHP Paul Abbott
Batting: RHB Hank Kenney 0-0: Ball
1-0: Foul Ball, location: 2F
1-1: Ball
2-1: Swinging Strike
2-2: Ball
3-2: Base on Balls
Batting: RHB Edwin McClung 0-0: Ball
1-0: Ball
2-0: Ball
3-0: Base on Balls
Fred Cobb to third
Hank Kenney to second
Batting: RHB Darren Tomlinson 0-0: Called Strike
0-1: Ball
1-1: Swinging Strike
1-2: Strikes out swinging
Top of the 4th over - 2 run(s), 3 hit(s), 1 error(s), 3 left on base; Seattle 5 - Belvedere Park 0
BOTTOM OF THE 4TH
Belvedere Park Rawhides batting - Pitching for Seattle Terns : RHP Jim Unknown
Batting: SHB Tom Montgomery 0-0: Foul Ball, location: 2F
0-1: Ball
1-1: Foul Ball, location: 2F
1-2: Strikes out swinging
Batting: RHB Bob Dickerson 0-0: Called Strike
0-1: Foul Ball, location: 2F
0-2: Strikes out swinging
Batting: LHB Dennis O'Connor 0-0: Foul Ball, location: 2F
0-1: Hit by Pitch
Batting: SHB José Salazar 0-0: Ball
1-0: Ball
2-0: Called Strike
2-1: Called Strike
2-2: Ground out 3-1 (Groundball, 34S)
Bottom of the 4th over - 0 run(s), 0 hit(s), 0 error(s), 1 left on base; Seattle 5 - Belvedere Park 0
TOP OF THE 5TH
Seattle Terns batting - Pitching for Belvedere Park Rawhides : RHP Paul Abbott
Batting: SHB Bruce Hunt 0-0: Ball
1-0: Swinging Strike
1-1: Ball
2-1: Ground out 4-3 (Groundball, 4)
Batting: RHB David Ramírez 0-0: Called Strike
0-1: Called Strike
0-2: Fly out, F3 (Line Drive, 3)
Batting: SHB Michael Smith 0-0: Ball
1-0: Foul Ball, location: 2F
1-1: Ball
2-1: Ball
3-1: Called Strike
3-2: Base on Balls
Batting: RHB Don McCord 0-0: Ball
1-0: Foul Ball, location: 2F
1-1: Ball
2-1: Called Strike
2-2: DOUBLE (Line Drive, 5L)
Michael Smith to third
Runner from 3rd tries for Home, SAFE, no throw or cutoff
Batting: RHB Jack Glenn 0-0: Called Strike
0-1: 2-RUN HOME RUN (Flyball, 9D), Distance : 387 ft
Batting: LHB Fred Cobb 0-0: Ball
1-0: Ground out 4-3 (Groundball, 4)
Top of the 5th over - 3 run(s), 2 hit(s), 0 error(s), 0 left on base; Seattle 8 - Belvedere Park 0
BOTTOM OF THE 5TH
Belvedere Park Rawhides batting - Pitching for Seattle Terns : RHP Jim Unknown
Batting: SHB Jason Alexander 0-0: Ball
1-0: Called Strike
1-1: Ball
2-1: Ground out 4-3 (Groundball, 4)
Batting: SHB Jared Robinson 0-0: SINGLE (Line Drive, 89M)
Batting: RHB José González 0-0: Ball
1-0: Ball
2-0: Fielders Choice at 2nd, 4-6 (Groundball, 34)
Batting: RHB Billy Strauss 0-0: SINGLE (Groundball, 6M)
José González to second
Runner from 2nd tries for 3rd, SAFE, throw made to third
Batting: LHB José Estrada 0-0: Called Strike
0-1: Ball
1-1: Called Strike
1-2: Ground out 4-3 (Groundball, 4)
Bottom of the 5th over - 0 run(s), 2 hit(s), 0 error(s), 2 left on base; Seattle 8 - Belvedere Park 0
TOP OF THE 6TH
Seattle Terns batting - Pitching for Belvedere Park Rawhides : RHP Paul Abbott
Pitching: LHP Jimmy Blackburn
Batting: RHB Hank Kenney 0-0: Called Strike
0-1: Ball
1-1: Swinging Strike
1-2: Strikes out looking
Batting: RHB Edwin McClung 0-0: SINGLE (Groundball, 6M)
Batting: RHB Darren Tomlinson 0-0: Called Strike
0-1: Swinging Strike
0-2: Strikes out looking
Batting: SHB Bruce Hunt 0-0: Ball
1-0: Ball
2-0: Ball
3-0: Base on Balls
Edwin McClung to second
Batting: RHB David Ramírez 0-0: Ball
1-0: Ball
2-0: SINGLE (Flyball, 7S)
Edwin McClung to third
Bruce Hunt to second
Runner from 3rd tries for Home, SAFE, no throw or cutoff
Batting: SHB Michael Smith 0-0: Fielders Choice at 2nd, 6-4 (Groundball, 6)
Top of the 6th over - 1 run(s), 2 hit(s), 0 error(s), 1 left on base; Seattle 9 - Belvedere Park 0
BOTTOM OF THE 6TH
Belvedere Park Rawhides batting - Pitching for Seattle Terns : RHP Jim Unknown
Batting: SHB Tom Montgomery 0-0: Called Strike
0-1: Ground out 4-3 (Groundball, 4)
Batting: RHB Bob Dickerson 0-0: DOUBLE (Flyball, 8LXD)
Batting: LHB Dennis O'Connor 0-0: Ball
1-0: Ball
2-0: Foul Ball, location: 2F
2-1: Ball
3-1: Ground out 4-3 (Groundball, 4)
Bob Dickerson to third
Batting: SHB José Salazar 0-0: Foul Ball, location: 2F
0-1: Called Strike
0-2: DOUBLE (Line Drive, 9LS)
Bob Dickerson scores
Batting: SHB Jason Alexander 0-0: Ball
1-0: Ball
2-0: Called Strike
2-1: Foul Ball, location: 2F
2-2: Ground out 4-3 (Groundball, 34)
Bottom of the 6th over - 1 run(s), 2 hit(s), 0 error(s), 1 left on base; Seattle 9 - Belvedere Park 1
TOP OF THE 7TH
Seattle Terns batting - Pitching for Belvedere Park Rawhides : LHP Jimmy Blackburn
Batting: RHB Don McCord 0-0: Foul Ball, location: 2F
0-1: Fly out, F4 (Popup, 6MD)
Batting: RHB Jack Glenn 0-0: Ball
1-0: Ball
2-0: Ball
3-0: Called Strike
3-1: Called Strike
3-2: Base on Balls
Batting: LHB Fred Cobb 0-0: Called Strike
0-1: Foul Ball, location: 2F
0-2: Strikes out looking
Batting: RHB Hank Kenney 0-0: Ball
1-0: Fly out, F8 (Flyball, 8LM)
Top of the 7th over - 0 run(s), 0 hit(s), 0 error(s), 1 left on base; Seattle 9 - Belvedere Park 1
BOTTOM OF THE 7TH
Belvedere Park Rawhides batting - Pitching for Seattle Terns : RHP Jim Unknown
Batting: SHB Jared Robinson 0-0: Swinging Strike
0-1: Fly out, F7 (Flyball, 7M)
Batting: RHB José González 0-0: Called Strike
0-1: Ground out 4-3 (Groundball, 4M)
Batting: RHB Billy Strauss 0-0: Called Strike
0-1: SINGLE (Groundball, 4MD) (infield hit)
Batting: LHB José Estrada 0-0: SINGLE (Groundball, 34S)
Billy Strauss to second
Runner from 2nd tries for 3rd, SAFE, no throw or cutoff
Batting: SHB Tom Montgomery 0-0: Foul Ball, location: 2F
0-1: Ball
1-1: Swinging Strike
1-2: Foul Ball, location: 2F
1-2: DOUBLE (Line Drive, 9M)
Billy Strauss scores
José Estrada to third
Runner from 3rd tries for Home, SAFE, throw made home
Pitching: LHP Dean White
Batting: RHB Bob Dickerson 0-0: Ball
1-0: Ball
2-0: Foul Ball, location: 2F
2-1: Foul Ball, location: 2F
2-2: Ball
3-2: Strikes out swinging
Bottom of the 7th over - 2 run(s), 3 hit(s), 0 error(s), 1 left on base; Seattle 9 - Belvedere Park 3
TOP OF THE 8TH
Seattle Terns batting - Pitching for Belvedere Park Rawhides : LHP Jimmy Blackburn
Pitching: RHP Javier Hernández
Batting: RHB Edwin McClung 0-0: Called Strike
0-1: Ball
1-1: Foul Ball, location: 2F
1-2: Ball
2-2: Fly out, F8 (Popup, 8LS)
Batting: RHB Darren Tomlinson 0-0: Ball
1-0: Ball
2-0: Called Strike
2-1: Ground out 5-3 (Groundball, 56S)
Batting: SHB Bruce Hunt 0-0: Called Strike
0-1: Foul Ball, location: 2F
0-2: Ball
1-2: SINGLE (Line Drive, 34D)
Batting: RHB David Ramírez 0-0: SINGLE (Line Drive, 9S)
Bruce Hunt to second
Batting: SHB Michael Smith 0-0: Fly out, F5 (Popup, 56S)
Top of the 8th over - 0 run(s), 2 hit(s), 0 error(s), 2 left on base; Seattle 9 - Belvedere Park 3
BOTTOM OF THE 8TH
Belvedere Park Rawhides batting - Pitching for Seattle Terns : LHP Dean White
Batting: LHB Dennis O'Connor 0-0: Ball
1-0: Ball
2-0: Ball
3-0: Base on Balls
Batting: SHB José Salazar 0-0: Ball
1-0: Ball
2-0: Called Strike
2-1: Ball
Wild Pitch!
Dennis O'Connor to second
3-1: Base on Balls
Batting: SHB Jason Alexander 0-0: Ball
1-0: Ball
2-0: Fly out, F7 (Flyball, 78M)
Batting: SHB Jared Robinson 0-0: Ground out 5-3 (Groundball, 56S)
Dennis O'Connor to third
José Salazar to second
Batting: RHB José González 0-0: Ball
Wild Pitch!
Dennis O'Connor scores
José Salazar to third
1-0: Foul Ball, location: 2F
1-1: Swinging Strike
1-2: Ball
2-2: Ball
3-2: Base on Balls
Batting: RHB Billy Strauss 0-0: Ball
1-0: Ball
2-0: Called Strike
2-1: Ball
3-1: Called Strike
3-2: Foul Ball, location: 2F
3-2: Foul Ball, location: 2F
3-2: Foul Ball, location: 2F
3-2: SINGLE (Line Drive, 9LS)
José Salazar scores
José González to second
José González to third
Pitching: RHP John Corbin
Batting: LHB José Estrada 0-0: Ball
1-0: Ball
2-0: Called Strike
2-1: Swinging Strike
2-2: Foul Ball, location: 2F
2-2: Ball
3-2: Strikes out swinging
Bottom of the 8th over - 2 run(s), 1 hit(s), 0 error(s), 2 left on base; Seattle 9 - Belvedere Park 5
TOP OF THE 9TH
Seattle Terns batting - Pitching for Belvedere Park Rawhides : RHP Javier Hernández
Pitching: LHP Jim Unknown
Batting: RHB Don McCord 0-0: Ball
1-0: Ball
2-0: Called Strike
2-1: Ball
3-1: Foul Ball, location: 2F
3-2: Foul Ball, location: 2F
3-2: Strikes out swinging
Pitching: LHP Steve Pérez
Batting: RHB Jack Glenn 0-0: Ball
1-0: Ball
2-0: Called Strike
2-1: Ball
3-1: Base on Balls
Batting: LHB Fred Cobb 0-0: Swinging Strike
0-1: Ball
1-1: Foul Ball, location: 2F
1-2: Ball
2-2: Ball
3-2: 2-RUN HOME RUN (Flyball, 7D), Distance : 386 ft
Pitching: LHP Jay Smith
Batting: RHB Hank Kenney 0-0: Called Strike
0-1: Called Strike
0-2: Strikes out swinging
Batting: RHB Edwin McClung 0-0: Called Strike
0-1: Swinging Strike
0-2: Strikes out looking
Top of the 9th over - 2 run(s), 1 hit(s), 0 error(s), 0 left on base; Seattle 11 - Belvedere Park 5
BOTTOM OF THE 9TH
Belvedere Park Rawhides batting - Pitching for Seattle Terns : RHP John Corbin
Batting: SHB Tom Montgomery 0-0: Called Strike
0-1: Ball
1-1: SINGLE (Groundball, 34D)
Batting: RHB Bob Dickerson 0-0: Ball
1-0: Foul Ball, location: 2F
1-1: Swinging Strike
1-2: Grounds into double play, 6-4-3 (Groundball, 6)
Batting: LHB Dennis O'Connor 0-0: Ball
1-0: Swinging Strike
1-1: Fly out, F6 (Popup, 6)
Bottom of the 9th over - 0 run(s), 1 hit(s), 0 error(s), 0 left on base; Seattle 11 - Belvedere Park 5
This league is powered by Out of the Park Baseball, the baseball management simulation game for PC, Mac and Linux
Saturday, February 27th, 2021 - OOTP Baseball 15.6 Build 34